Map: Ruins of Seras

Players

MorN

  • Race: Terran Terran
  • League: Master

TryThePriest - Winner!

  • Race: Zerg Zerg
  • League: Master

VOD

Have the link to the VOD?

Description

Time

  • Played on: Nov. 22, 2015, 7:36 p.m.
  • Length: 10:51
Show
View Real Time Build Order
Export as new Build Order

MorN Terran 

Build Orders: Reaper Expand, MMM Bio 

Get SALT Encoding   

  12  0:00  SCV  
  13  0:13  SCV  
  14  0:18  Supply Depot  
  14  0:25  SCV  
  15  0:39  SCV  
  15  0:41  Barracks  
  16  0:46  Refinery  
  16  0:53  SCV  
  17  1:05  SCV  
  18  1:18  SCV  
  19  1:30  Reaper, Orbital Command  
  20  1:44  Command Center  
  20  1:57  SCV  
  21  2:13  Command Center  
  21  2:16  SCV  
  21  2:19  Barracks Reactor  
  22  2:26  Supply Depot  
  22  2:29  SCV  
  23  2:47  SCV, Factory  
  24  2:54  Refinery  
  24  2:56  Orbital Command  
  24  3:00  Marine x2  
  24  3:01  SCV  
  27  3:14  SCV  
  27  3:18  Marine x2  
  30  3:24  SCV  
  30  3:26  SCV  
  32  3:32  Factory Tech Lab, Orbital Command  
  32  3:35  Marine x2  
  32  3:37  Starport  
  32  3:39  SCV  
  35  3:42  SCV  
  36  3:51  SCV  
  36  3:53  Siege Tank  
  36  3:55  Bunker  
  40  4:02  SCV, Marine x2  
  43  4:03  SCV  
  43  4:05  SCV  
  45  4:16  Medivac  
  47  4:17  SCV  
  48  4:32  SCV  
  48  4:33  Barracks  
  48  4:34  Factory Reactor, Barracks  
  48  4:35  Supply Depot  
  48  4:38  Stimpack  
  49  4:43  SCV  
  49  4:44  SCV x2  
  52  4:54  Supply Depot  
  52  4:55  Supply Depot, SCV  
  52  4:57  Marine  
  54  5:05  SCV x2  
  54  5:06  Refinery x2  
  56  5:07  Supply Depot, SCV  
  56  5:09  Engineering Bay  
  56  5:10  Engineering Bay, Starport Reactor  
  57  5:17  SCV x2  
  57  5:18  Marine  
  57  5:19  Factory Reactor  
  60  5:25  Marine x2  
  60  5:28  Supply Depot  
  60  5:36  Marine x3  
  60  5:39  Terran Infantry Weapons Level 1, Terran Infantry Armor Level 1  
  60  5:40  SCV  
  64  5:43  Marine x2  
  64  5:46  Supply Depot  
  64  5:48  Barracks  
  64  5:49  Barracks  
  66  5:56  Marine x2  
  68  5:58  Missile Turret x2  
  68  6:01  Marine x3  
  68  6:02  Orbital Command  
  68  6:03  Medivac  
  69  6:04  Medivac  
  69  6:10  SCV  
  68  6:11  SCV  
  68  6:14  Marine x2  
  71  6:22  SCV  
  72  6:26  Marine  
  72  6:27  Missile Turret, Marine  
  72  6:28  Widow Mine x2  
  72  6:30  SCV  
  78  6:36  Marine x2  
  78  6:37  Barracks Reactor x2  
  80  6:40  Marine  
  80  6:41  Medivac x2  
  80  6:44  Missile Turret, Marine  
  80  6:46  Marine  
  87  6:47  Combat Shields  
  87  6:51  SCV x3  
  90  6:54  Supply Depot, Marine x2  
  90  6:59  Supply Depot  
  92  7:01  Widow Mine x2  
  92  7:03  SCV x2  
  92  7:04  SCV  
  92  7:07  Armory  
  99  7:09  Marine x2  
  99  7:12  Marine x2  
  103  7:15  SCV x2  
  103  7:16  SCV  
  103  7:18  Marine x5  
  111  7:26  Marine  
  111  7:27  SCV, Marine  
  111  7:28  SCV x2  
  116  7:30  Marine x2  
  116  7:34  Refinery  
  118  7:40  SCV x2  
  120  7:50  Marine x8  
  120  7:51  Marine  
  122  8:01  Terran Infantry Weapons Level 2  
  122  8:03  Terran Infantry Armor Level 2  
  122  8:05  Barracks x2  
  122  8:06  Barracks  
  122  8:07  Marine x2  
  122  8:08  Marine  
  125  8:15  Command Center  
  125  8:23  Marine x6  
  125  8:25  Supply Depot x2, Marine  
  132  8:27  Supply Depot  
  132  8:28  Marine x2  
  134  8:37  Widow Mine x2  
  134  8:38  Medivac  
  140  8:41  Marine  
  140  8:46  Medivac, Marine x3  
  116  8:59  Marine x4  
  116  9:00  Marine  
  112  9:09  Marine x5  
  108  9:16  Marine x2  
  90  9:17  Marine x4  
  90  9:19  Marine  
  77  9:26  Medivac x2  
  77  9:27  Marine x5  
  80  9:34  Marine x2  
  80  9:35  Marine x4  
  80  9:37  Marine  
  86  9:39  Command Center  
  86  9:45  Marine x3  
  83  9:56  Medivac x2  
  87  10:06  Marine x4  
  87  10:07  Marine x7  
  89  10:10  Marauder  
  85  10:27  Marine x3  
  85  10:28  Marine x5  
  86  10:32  Marine x2  
  86  10:33  Marine  
Show
View Real Time Build Order
Export as new Build Order

TryThePriest Zerg - Winner!

Build Orders: Hatch First, Lurkers, Muta Ling Bane 

Get SALT Encoding   

  12  0:01  Drone  
  13  0:08  Drone  
  14  0:18  Overlord  
  14  0:25  Drone, Extractor  
  15  0:37  Drone x2  
  17  0:54  Hatchery  
  17  0:56  Drone  
  17  1:00  Drone  
  18  1:14  Spawning Pool  
  18  1:18  Drone  
  18  1:20  Drone  
  18  1:23  Extractor  
  18  1:27  Drone  
  19  1:41  Overlord  
  19  1:53  Drone  
  20  2:01  Queen  
  20  2:02  Zergling x2  
  20  2:05  Queen  
  20  2:06  Zergling x2  
  26  2:10  Drone  
  27  2:22  Metabolic Boost  
  27  2:25  Drone x2  
  29  2:37  Queen  
  29  2:41  Spore Crawler  
  30  2:45  Overlord  
  30  2:50  Drone x4  
  35  2:54  Drone  
  36  3:00  Lair  
  36  3:11  Drone x4  
  40  3:16  Extractor  
  40  3:18  Drone x3  
  42  3:22  Overlord  
  42  3:25  Drone  
  43  3:32  Extractor  
  43  3:33  Drone x2  
  44  3:35  Overlord  
  44  3:54  Extractor  
  43  3:58  Hatchery  
  42  4:05  Drone x3  
  42  4:09  Spire  
  44  4:13  Drone x4  
  44  4:14  Drone  
  44  4:16  Drone  
  50  4:20  Overseer  
  50  4:28  Baneling Nest  
  50  4:29  Drone  
  50  4:30  Drone  
  52  4:31  Drone  
  52  4:33  Drone  
  52  4:36  Drone  
  52  4:37  Drone  
  55  4:45  Overlord  
  55  4:49  Spore Crawler  
  54  4:53  Zergling x4  
  54  4:56  Spore Crawler  
  55  5:01  Zergling x2  
  55  5:03  Overlord x2  
  55  5:06  Drone x4  
  60  5:22  Mutalisk x5  
  60  5:26  Mutalisk  
  72  5:40  Drone x2  
  72  5:41  Drone  
  72  5:42  Evolution Chamber x2  
  73  5:44  Hydralisk Den  
  73  5:45  Centrifical Hooks  
  72  5:55  Zergling x4  
  73  5:57  Drone x7  
  73  6:03  Overlord  
  80  6:18  Overlord  
  80  6:20  Lurker Den  
  80  6:21  Zerg Ground Armor Level 1, Zerg Melee Weapons Level 1  
  80  6:23  Drone x5  
  80  6:24  Drone  
  86  6:27  Drone x2  
  90  6:32  Drone x2  
  90  6:33  Extractor  
  90  6:34  Overlord  
  90  6:35  Overlord, Extractor  
  88  6:41  Queen  
  90  6:47  Overlord x2  
  90  7:00  Zergling x2  
  90  7:01  Zergling x14  
  98  7:02  Hatchery, Zergling x2  
  98  7:05  Baneling x6  
  98  7:07  Drone  
  98  7:08  Drone  
  100  7:09  Drone  
  100  7:13  Zergling x8  
  105  7:15  Overseer  
  105  7:21  Baneling x7  
  105  7:22  Zergling x6  
  108  7:29  Zergling x10  
  113  7:38  Hydralisk x3  
  113  7:40  Overlord  
  113  7:41  Overlord x2  
  119  7:49  Mutalisk x3  
  123  7:51  Mutalisk  
  123  7:52  Mutalisk  
  127  8:16  Lurker x3, Hydralisk x3  
  127  8:19  Mutalisk x3  
  138  8:23  Pneumatized Carapace  
  138  8:25  Zergling x12  
  148  8:28  Baneling x5  
  148  8:29  Queen  
  150  8:34  Baneling  
  150  8:35  Baneling x3  
  150  8:37  Zergling x10  
  150  8:38  Zergling x2  
  149  8:52  Zergling x14  
  151  8:56  Zergling x8  
  145  9:13  Mutalisk x3  
  145  9:15  Zergling x16  
  145  9:20  Mutalisk x2  
  139  9:30  Mutalisk x3  
  135  9:32  Zergling x12  
  141  9:43  Drone x2  
  141  9:44  Drone x5  
  146  9:51  Overlord  
  146  9:52  Mutalisk x2  
  147  9:56  Lurker  
  147  9:58  Lurker  
  151  10:01  Queen  
  151  10:05  Drone x4  
  157  10:16  Baneling x10  
  154  10:21  Zergling x2  
  154  10:22  Zergling x14  
  154  10:26  Mutalisk x2  
Tags
 
Add a new tag
Caveats
  • Supply blocks, unpowered buildings, or Contaminate may cause inaccurate times.
  • Supply counts are checked every 10 seconds.